 Dungeon Crawl Stone Soup version 0.28-a0-823-gb444dcf96d (webtiles) character file.

Game seed: 6511571172086058449

25 lawman0 the Magician (level 2, 0/20 HPs)
             Began as a Draconian Hedge Wizard on Nov 9, 2021.
             Slain by a shadow imp (2 damage)
             ... summoned by Natasha
             ... on level 2 of the Dungeon.
             The game lasted 00:03:25 (1449 turns).

lawman0 the Magician (Draconian Hedge Wizard)       Turns: 1449, Time: 00:03:25

Health: 0/20       AC:  5    Str: 12    XL:     2   Next: 82%
Magic:  1/6        EV: 12    Int: 14    God:
Gold:   798        SH:  0    Dex: 10    Spells: 2/8 levels left

rFire   + . .      SeeInvis .   a - +0 dagger
rCold   + . .      Faith    .   (no shield)
rNeg    . . .      Spirit   .   (armour unavailable)
rPois   +          Reflect  .   b - +0 hat
rElec   +          Harm     .   (no cloak)
rCorr   +          Rampage  .   e - +0 pair of gloves
Will    .....                   (no boots)
Stlth   ++........              (no amulet)
HPRegen 0.06/turn               (no ring)
MPRegen 0.10/turn               (no ring)

@: resistant, slowed, very slow
A: AC +4, unfitting armour, cold-blooded
a: no special abilities


You were on level 2 of the Dungeon.
You visited 1 branch of the dungeon, and saw 2 of its levels.

You collected 798 gold pieces.

Inventory:

Hand Weapons
 a - a +0 dagger (weapon)
Armour
 b - a +0 hat (worn)
 e - a +0 pair of gloves (worn)
Potions
 f - a potion of heal wounds {unknown}
 g - a potion of mutation {unknown}
 h - a potion of cancellation {unknown}
 i - a potion of lignification {unknown}


   Skills:
 + Level 1.9 Dodging
 + Level 2.0 Stealth
 + Level 3.5 Spellcasting
 * Level 1.2 Conjurations
 * Level 1.2 Summonings
 + Level 1.0 Translocations


You had 2 spell levels left.
You knew the following spells:

 Your Spells              Type           Power      Damage    Failure   Level
a - Magic Dart            Conj           24%        1d4       12%         1
b - Slow                  Hex            8%         N/A       21%         1
c - Blink                 Tloc           10%        N/A       21%         2
d - Call Imp              Summ           6%         N/A       19%         2

Your spell library contained the following spells:

 Spells                   Type           Power      Damage    Failure   Level
 Conjure Flame            Conj/Fire      4%         6-21      43%         3
 Mephitic Cloud           Conj/Pois/Air  3%         N/A       45%         3


Dungeon Overview and Level Annotations

Branches:
Dungeon (2/15)

Altars:

Annotations:
D:2 Natasha


Innate Abilities, Weirdness & Mutations

Your plain brown scales are hard. (AC +4)
You cannot fit into any form of body armour.
You are cold-blooded and may be slowed by cold attacks.


Message History

You hit Natasha but do no damage.
Natasha is severely wounded.
Natasha closely misses you. The iron imp hits you.
You barely miss Natasha.
Natasha is severely wounded.
Natasha barely misses you. The iron imp hits you.
Natasha mumbles some strange words.
Unknown command.
You hit Natasha.
Your tail-slap misses Natasha.
Natasha is severely wounded.
Natasha stares at you and mumbles some strange words.
The magic dart hits you!
* * * LOW HITPOINT WARNING * * *
The iron imp barely misses you. The shadow imp barely misses you.
Your magical contamination has completely faded away.
You barely miss Natasha.
Natasha is severely wounded.
Natasha hisses.
Natasha claws you but does no damage. The shadow imp barely misses you.
The iron imp hits you but does no damage.
Natasha claws you but does no damage. The shadow imp gestures at you.
You barely resist.
It was a potion of resistance.
You feel protected. The iron imp barely misses you.
Natasha mewls in sadness.
Natasha mumbles some strange words.
The shadow imp hits you but does no damage.
The iron imp barely misses you.
Unknown command.
Aiming: Magic Dart (safe; 12% risk of failure)
Press: ? - help, Q - select action, (/) - cycle Shift-Dir - straight line, f/p - Natasha
Aim: Natasha (severely wounded, 100% to hit)
The magic dart hits Natasha but does no damage.
Natasha is severely wounded.
Natasha misses you.
The shadow imp lashes its tail.
The shadow imp hits you.
You die...

#. ...# #.# ....
... ...##.#
#..#.#
#.#.#####...
#.........#
...####...##
.....?h@...##
......55....####
...!##5.......<#
...........##..#
. ###.....#####
#.....# #.....#
#.....# #.....#


You could see an iron imp (summoned), Natasha and 2 shadow imps.

Vanquished Creatures
  5 ball pythons
  5 endoplasms
  A giant cockroach (D:1)
  3 hobgoblins (D:1)
  A kobold (D:1)
  A quokka (D:1)
  A bat (D:2)
  A frilled lizard (D:1)
  4 rats (D:1)
22 creatures vanquished.

Notes
Turn   | Place    | Note
-------+----------+-------------------------------------------
     0 | D:1      | lawman0 the Draconian Hedge Wizard began the quest for the
                  | Orb.
     0 | D:1      | Reached XP level 1. HP: 14/14 MP: 4/4
   404 | D:1      | Reached XP level 2. HP: 20/20 MP: 3/6
   413 | D:1      | Learned a level 1 spell: Slow
   416 | D:1      | Learned a level 2 spell: Blink
   419 | D:1      | Learned a level 2 spell: Call Imp
   701 | D:1      | Found a faded altar of an unknown god.
  1296 | D:2      | Noticed Natasha
  1298 | D:2      | Identified a scroll of acquirement
  1309 | D:1      | Acquired 745 gold pieces
  1449 | D:2      | Slain by a shadow imp

Illustrated notes

Levels and vault maps discovered:
D:1:      denvon_arrival_waterhouse, layout_basic,
          chequers_ecumenical_altar_island, supply_closet_lemuel
D:2:      layout_rooms, uniq_natasha

Skill      XL: |  1  2 |
---------------+-------+-----
Stealth        | 2 |  2.0
Dodging        | |  1.9
Spellcasting   | |  3.5
Conjurations   | |  1.2
Summonings     | |  1.2
Translocations | |  1.0

Action                   || total
-------------------------++-------
Melee: Dagger            ||    34
       Tailslap          ||     2
 Cast: Magic Dart        ||    45
  Use: Scroll            ||     1
       Potion            ||     1
 Stab: Sleeping          ||     2
Armor: Skin              ||    11
Dodge: Dodged            ||    23

Table legend: (Time is in decaauts)
 A = Elapsed time spent in this place.
 B = Non-inter-level travel time spent in this place.
 C = Inter-level travel time spent in this place.
 D = Time resting spent in this place.
 E = Time spent auto-exploring this place.
 F = Levels seen in this place.
 G = Mean time per level.
                   A        B        C        D        E       F      G
               +--------+--------+--------+--------+--------+-----+--------+
         Total |   1464 |   1399 |     65 |    194 |   1019 |   2 |  732.0 |
       Dungeon |   1464 |   1399 |     65 |    194 |   1019 |   2 |  732.0 |
               +--------+--------+--------+--------+--------+-----+--------+

Top non-repeatable levels by time:
     D:1: 1328 daAuts
     D:2: 135 daAuts
